 Dungeon Crawl Stone Soup version 0.31.0-12-g77e489cdc1 (webtiles) character file.

Game seed: 9736950976515646684

65 Gadfly the Trooper (level 4, -7/49 HPs)
             Began as an Oni Berserker on Feb 23, 2024.
             Was a Believer of Trog.
             Killed from afar by an orc wizard (13 damage)
             ... with a puff of flame
             ... on level 2 of the Dungeon.
             The game lasted 00:02:00 (1346 turns).

Gadfly the Trooper (Oni Berserker)                  Turns: 1346, Time: 00:02:01

Health: -7/49      AC:  3    Str: 21    XL:     4   Next: 14%
Magic:  4/4        EV: 10    Int:  8    God:    Trog [**....]
Gold:   56         SH:  0    Dex: 10    Spells: 3/3 levels left

rFire   . . .        b - +2 whip (drain)
rCold   . . .        (no shield)
rNeg    . . .        e - +0 animal skin
rPois   .            (helmet restricted)
rElec   .            (no cloak)
rCorr   .            (gloves unavailable)
SInv    .            (boots unavailable)
Will    .....        (no amulet)
Stlth   +            (no ring)
HPRegen 0.28/turn    (no ring)
MPRegen 0.09/turn

%: no passive effects
@: no status effects
A: large, unfitting armour, horns 1, tough skin 1, double potion healing,
drunken brawling
a: Renounce Religion, Berserk, Trog's Hand


You were on level 2 of the Dungeon.
You worshipped Trog.
Trog was pleased with you.
You visited 1 branch of the dungeon, and saw 2 of its levels.

You collected 56 gold pieces.

Inventory:

Hand Weapons
 a - a +0 mace
 b - a +2 whip of draining (weapon)
Armour
 e - a +0 animal skin (worn)
Scrolls
 c - 2 scrolls of identify
 f - a scroll of teleportation {unknown}
 g - a scroll of enchant armour {unknown}
 h - a scroll of immolation {unknown}
Potions
 d - a potion of attraction


   Skills:
 + Level 4.5 Fighting
 * Level 3.6 Maces & Flails
 * Level 1.5 Armour
 - Level 2.6 Dodging
 * Level 1.3 Evocations


You had 3 spell levels left.
You didn't know any spells.
Your spell library was empty.

Dungeon Overview and Level Annotations

Branches:
Dungeon (2/15)

Altars:


Innate Abilities, Weirdness & Mutations

You are too large for most types of armour.
You have a pair of small horns on your head.
You have tough skin. (AC +1)
You gain doubled healing and magic from potions.
Whenever you drink a healing potion, you attack all around you.


Message History

You hear some strange, mumbled words.
A puff of flame appears from out of thin air!
The puff of flame hits you!
* * * LOW HITPOINT WARNING * * *
You barely miss something. Something hits you but does no damage.
You closely miss something. Your headbutt misses something.
Something hits you but does no damage.
You miss something.
You hear some strange, mumbled words.
You are confused.
You bump into the rock wall.
Something hits you.
* * * LOW HITPOINT WARNING * * *
You closely miss something. Your headbutt misses something.
Something hits you but does no damage.
You bump into the rock wall.
Something completely misses you.
You closely miss something. Your headbutt misses something.
You hear some strange, mumbled words.
A magic dart appears from out of thin air!
The magic dart hits you.
* * * LOW HITPOINT WARNING * * *
You hit something but do no damage. Something hits you but does no damage.
You bump into the rock wall.
Something hits you.
* * * LOW HITPOINT WARNING * * *
Okay, then.
You feel less confused. Something hits you but does no damage.
Things that are here:
a +0 mace; an orc corpse You miss something.
Something hits you but does no damage.
You miss something. Your headbutt misses something.
Something hits you but does no damage.
You hit something. You hit something but do no damage.
Something hits you but does no damage.
You miss something. Your headbutt misses something.
Something hits you but does no damage.
You barely miss something.
You hear some strange, mumbled words.
A puff of flame appears from out of thin air!
The puff of flame hits you!
You die...

#.#.##.....# #.
#..........# #.
#.####.########
#. #....†)...#
## #######.#.#
#.#.#
#.#.#######
#..){.....#
####@####.# #.#
#.. ####


There were no monsters in sight!

Vanquished Creatures
  An adder (D:2)
  A dart slug (D:1)
  2 orcs (D:2)
  5 ball pythons
  2 endoplasms (D:1)
  4 giant cockroaches
  5 goblins
  7 hobgoblins
  3 jackals (D:1)
  6 kobolds
  A quokka (D:1)
  3 bats (D:1)
  2 frilled lizards (D:1)
  4 rats
46 creatures vanquished.

Notes
Turn   | Place    | Note
-------+----------+-------------------------------------------
     0 | D:1      | Gadfly the Oni Berserker began the quest for the Orb.
     0 | D:1      | Reached XP level 1. HP: 24/24 MP: 1/1
    71 | D:1      | Reached XP level 2. HP: 30/32 MP: 2/2
   470 | D:1      | Reached XP level 3. HP: 39/39 MP: 3/3
   481 | D:1      | Reached skill level 1 in Armour
   550 | D:1      | Reached ** piety under Trog
   551 | D:1      | Reached skill level 1 in Evocations
  1308 | D:2      | Reached XP level 4. HP: 48/49 MP: 4/4
  1346 | D:2      | Killed from afar by an orc wizard

Illustrated notes

Levels and vault maps discovered:
D:1:      ncdulo_halloftheorcs, layout_basic, minmay_pentomino_z4
D:2:      layout_basic

Skill      XL: |  1  2  3 |
---------------+----------+-----
Armour         | 1 |  1.5
Evocations     | 1 |  1.3
Fighting       | |  4.5
Maces & Flails | |  3.6
Dodging        | |  2.6

Action                     |  1- 3 |  4- 6 || total
---------------------------+-------+-------++-------
  Melee: Mace              |    53 |       ||    53
         Headbutt          |    19 |     3 ||    22
         Whip              |    50 |    23 ||    73
    Use: Scroll            |     2 |       ||     2
 Armour: Animal skin       |    61 |    27 ||    88
  Dodge: Dodged            |    58 |     4 ||    62
